Unix NetHack Version 3.7.0-71 Work-in-progress - last build Jan 31 2023 02:41:03 (7ba98a1283f2b7cec35fde026edb48fc825ab8ae,branch:master). Game began 2023-02-08 20:37:33, ended 2023-02-08 20:46:12. Gandelf, neutral male human Monk ----- . --...-- ..--.................. |.....| -.........)........)...<. ----..| .....................--.-- |..-- |.....--- --...----....| |...@:.|....-- --....G....... |.........0-- --.------.- --- --- Gandelf the Novice St:17 Dx:13 Co:16 In:8 Wi:12 Ch:11 Neutral S:1198 Dlvl:6 $:0 HP:0(37) Pw:26(26) AC:2 Xp:5/237 T:1841 Burdened Latest messages: You hit the dwarf! You miss the dwarf. You miss the dwarf. The dwarf just misses! You kill the dwarf! You have a little trouble lifting v - a dwarvish cloak. You have a little trouble lifting V - a dagger (5 in total). You have a little trouble lifting O - a partly used candle (lit). The dwarf picks up a pair of iron shoes. The gnome hits! You kill the gnome! You see here a cream pie. The dwarf wields a thonged club! You hit the dwarf! You kill the dwarf! There are several objects here. Your knapsack cannot accommodate any more items. What do you want to drop? [$a-zA-Z or ?*] x You drop a throwing spear. What do you want to drop? [$a-wyzA-Z or ?*] n You drop a flail. You have a little trouble lifting n - a dwarvish cloak. You have a little trouble lifting x - a pick-axe. Your knapsack cannot accommodate any more items. What do you want to read? [cdp-rwzDGHJKP or ?*] ? You notice you have no gold! The gnome wields a thonged club! The thonged club welds itself to the gnome's hand! The iguana misses! The gnome swings his thonged club. The gnome hits! The iguana just misses! The iguana bites! The gnome swings his thonged club. The gnome hits! The iguana bites! The gnome swings his thonged club. The gnome misses! The iguana bites! The gnome swings his thonged club. The gnome misses! The iguana bites! The gnome swings his thonged club. The gnome hits! You die... Do you want your possessions identified? [ynq] (y) y Do you want to see your attributes? [ynq] (y) y Do you want an account of creatures vanquished? [ynaq] (y) y Do you want to see your conduct and achievements? [ynq] (y) y Do you want to see the dungeon overview? [ynq] (y) y Inventory: Weapons Y - 7 +0 arrows Z - a cursed -1 bow V - 5 +0 daggers Armor a - a blessed +2 pair of leather gloves (being worn) R - an uncursed +0 pair of iron shoes (being worn) n - an uncursed +0 dwarvish cloak v - an uncursed +0 dwarvish cloak S - a cursed +0 dwarvish cloak b - an uncursed +1 robe (being worn) Comestibles h - 6 uncursed apples m - an uncursed banana T - an uncursed cram ration g - 5 uncursed food rations y - 3 uncursed food rations j - 4 uncursed fortune cookies i - 9 uncursed oranges I - 2 uncursed tripe rations Q - an uncursed tin of broiled giant ant meat Scrolls D - a blessed scroll of charging G - an uncursed scroll of charging z - an uncursed scroll of confuse monster p - an uncursed scroll of fire w - an uncursed scroll of genocide d - an uncursed scroll of identify H - an uncursed scroll of identify P - an uncursed scroll of light Spellbooks J - an uncursed spellbook of cone of cold K - an uncursed spellbook of haste self q - an uncursed spellbook of magic mapping c - a blessed spellbook of protection r - an uncursed spellbook of stone to flesh Potions L - an uncursed potion of extra healing o - an uncursed potion of hallucination M - an uncursed potion of healing E - an uncursed potion of sickness l - a cursed potion of sickness e - 2 uncursed potions of water f - an uncursed potion of water s - an uncursed potion of water Rings N - an uncursed ring of fire resistance A - an uncursed ring of levitation Wands B - a wand of secret door detection (0:14) Tools X - an uncursed lock pick x - a +0 pick-axe k - an uncursed skeleton key O - an uncursed partly used tallow candle (lit) Gems/Stones F - an uncursed amber stone U - an uncursed amethyst stone u - 2 uncursed worthless pieces of green glass W - an uncursed worthless piece of red glass t - 2 uncursed worthless pieces of violet glass C - an uncursed worthless piece of yellowish brown glass Gandelf the Monk's attributes: Background: You were a Novice, a level 5 male human Monk. You were neutral, nominally on a mission for Chih Sung-tzu who was opposed by Shan Lai Ching (lawful) and Huan Ti (chaotic). You were in the Gnomish Mines, on level 6. You entered the dungeon 1841 turns ago. You had 237 experience points, 83 more were needed to attain level 6. Your score was 1198 before end-of-game adjustments. Basics: You had 0 out of 37 hit points. You had all 26 energy points (spell power). Your armor class was 2. Your wallet was empty. Autopickup was on for '$?!+/=' plus thrown. Final Characteristics: Your strength was 17 (limit:18/100). Your dexterity was 13 (limit:18). Your constitution was 16 (limit:18). Your intelligence was 8 (limit:18). Your wisdom was 12 (limit:18). Your charisma was 11 (limit:18). Final Status: You were not hungry. You were burdened; movement was slightly slowed. You were empty handed. You had basic skill with martial arts. Final Attributes: You were devoutly aligned. You were sleep resistant. You were poison resistant. You saw invisible. You were stealthy. You were guarded. You were fast. You are dead. Miscellaneous: You never encountered a bones level. Total elapsed playing time was 8 minutes and 38 seconds. Major events: Turn 1: Gandelf the neutral male human Monk entered the dungeon 704: attained the rank of Novice (level 3) 1695: entered the Gnomish Mines 1841: killed by a gnome, while reading a book Vanquished creatures: a small mimic 2 gnome leaders 3 dwarves a giant bat 2 iguanas 2 hobbits 2 giant rats 12 gnomes a jackal a kobold 3 grid bugs 4 lichens a kobold zombie 3 newts 38 creatures vanquished. No species were genocided or became extinct. Voluntary challenges: You followed a strict vegan diet. You were an atheist. You never hit with a wielded weapon. You read items or engraved 1 time. You never engraved Elbereth. You never genocided any monsters. You never polymorphed an object. You never changed form. You used no wishes. Achievements: You entered a shop. You attained the rank of Novice. You entered the Gnomish Mines. The Dungeons of Doom: levels 1 to 5 Level 1: Level 2: An armor shop. Level 3: A grave. Level 4: Stairs down to The Gnomish Mines. Level 5: The Gnomish Mines: levels 5 to 6 Level 5: Level 6: <- You were here. Final resting place for you, killed by a gnome, while reading a book. Game over: ---------- / \ / REST \ / IN \ / PEACE \ / \ | Gandelf | | 0 Au | | killed by a | | gnome | | | | | | 2023 | *| * * * | * _________)/\\_//(\/(/\)/\//\/|_)_______ Goodbye Gandelf the Monk... You died in The Gnomish Mines on dungeon level 6 with 1198 points, and 0 pieces of gold, after 1841 moves. You were level 5 with a maximum of 37 hit points when you died.